 Dungeon Crawl Stone Soup version 0.23.2-1-ga50397a (webtiles) character file.

Game seed: 11261533731398279800

3122 Kairos the Grappler (level 9, -2/75 HPs)
             Began as a Ghoul Monk on Apr 24, 2019.
             Was an Elder of Okawaru.
             Slain by a killer bee (5 damage)
             ... on level 8 of the Dungeon.
             The game lasted 00:11:55 (6861 turns).

Kairos the Grappler (Ghoul Monk)                    Turns: 6861, Time: 00:11:56

Health: -2/75      AC: 12    Str: 18    XL:     9   Next: 91%
Magic:  8/8        EV:  9    Int:  9    God:    Okawaru [****..]
Gold:   407        SH:  3    Dex: 11    Spells: 5/8 levels left

rFire    . . .     SeeInvis .     - Unarmed
rCold    + . .     Gourm    .   (no shield)
rNeg     + + +     Faith    .   B - +0 chain mail
rPois    ∞         Spirit   .   y - +0 helmet
rElec    .         Reflect  +   (no cloak)
rCorr    .         Harm     .   (no gloves)
MR       +....                  j - +0 pair of boots
Stlth    ..........             E - +3 amulet of reflection
HPRegen  0.00/turn              J - +4 ring of intelligence
MPRegen  0.11/turn              d - ring of protection from magic

@: rotting
A: rotting body, claws 1, carnivore, cold resistance 1, negative energy
resistance 3, inhibited regeneration, torment resistance, unbreathing
a: Heroism, Renounce Religion


You were on level 8 of the Dungeon.
You worshipped Okawaru.
Okawaru was greatly pleased with you.
You were not hungry.

You visited 1 branch of the dungeon, and saw 8 of its levels.

You collected 407 gold pieces.

Inventory:

Hand Weapons
 t - a +1 whip of venom
 L - the +7 dagger "Xoecyag" {vamp, SInv Stlth+}
   (You found it on level 7 of the Dungeon)

   It inflicts no extra harm, but heals its wielder when it wounds a living foe.
   It lets you see invisible.
   It makes you more stealthy.
Missiles
 C - 10 tomahawks (quivered)
Armour
 j - a +0 pair of boots (worn)
 y - a +0 helmet (worn)
 B - a +0 chain mail (worn)
Jewellery
 c - an uncursed ring of fire
 d - a ring of protection from magic (right claw)
 f - an uncursed amulet of the acrobat
 q - an uncursed ring of protection from cold
 u - an uncursed ring of fire
 E - a +3 amulet of reflection (around neck)
 G - an uncursed ring of resist corrosion
 J - a +4 ring of intelligence (left claw)
Wands
 a - a wand of random effects (21)
 l - a wand of clouds (4)
 s - a wand of iceblast (9)
 x - a wand of flame (10)
Scrolls
 e - 6 scrolls of identify
 g - a scroll of enchant weapon {unknown}
 k - 2 scrolls of amnesia
 m - 6 scrolls of remove curse
 p - 2 scrolls of fog
 H - a scroll of vulnerability {unknown}
 K - a scroll of blinking {unknown}
Potions
 h - 2 potions of magic
 i - 3 potions of curing
 n - 2 potions of invisibility {unknown}
 o - 3 potions of haste {unknown}
 r - 3 potions of brilliance {unknown}
 v - a potion of might {unknown}
 w - 2 potions of agility {unknown}
 z - a potion of berserk rage {unknown}
 A - 2 potions of cancellation {unknown}
 D - a potion of degeneration {unknown}
 F - a potion of mutation {unknown}
 I - a potion of heal wounds {unknown}
 M - 3 potions of ambrosia {unknown}
Comestibles
 b - 11 rations


   Skills:
 + Level 5.9 Fighting
 + Level 0.8 Throwing
 + Level 5.6 Armour
 + Level 4.6 Dodging
 + Level 4.0 Stealth
 + Level 10.9 Unarmed Combat
 + Level 1.0 Invocations
 + Level 0.3 Evocations


You had 5 spell levels left.
You knew the following spells:

 Your Spells              Type           Power        Failure   Level  Hunger
a - Regeneration          Chrm/Necr      #.........   100%        3    ####...

Your spell library contained the following spells:

 Spells                   Type           Power        Failure   Level  Hunger
 Animate Skeleton         Necr           N/A          99%         1    ##.....
 Pain                     Necr           #...         99%         1    ##.....
 Summon Small Mammal      Summ           #...         99%         1    ##.....
 Call Imp                 Summ           #.......     100%        2    ###....
 Call Canine Familiar     Summ           #.......     100%        3    ####...
 Summon Guardian Golem    Hex/Summ       #.......     100%        3    ####...
 Vampiric Draining        Necr           #.........   100%        3    ####...
 Animate Dead             Necr           N/A          100%        4    #####..
 Summon Ice Beast         Ice/Summ       #.......     100%        4    #####..
 Summon Lightning Spire   Summ/Air       #.......     100%        4    #####..


Dungeon Overview and Level Annotations

Branches:
Dungeon (8/15)             Temple (0/1) D:6
   Lair: D:8-11

Altars:
Fedhas
Okawaru
Trog
Vehumet
Wu Jian
Yredelemnul


Innate Abilities, Weirdness & Mutations

Your body is rotting away.
You thrive on raw meat.
You are immune to poison.
You have sharp fingernails.
You are carnivorous and can eat meat at any time.
Your flesh is cold resistant. (rC+)
You are immune to negative energy. (rN+++)
You do not regenerate when monsters are visible.
You are immune to unholy pain and torment.
You can survive without breathing.


Message History

* * * LOW HITPOINT WARNING * * *
A ball python comes into view.
Eat a chunk of flesh? (ye/n/q)
You eat the chunk of flesh.
This raw flesh tastes great!
The killer bee stings you but does no damage.
The killer bee stings you.
* * * LOW HITPOINT WARNING * * *
The wyvern skeleton bites you!
* * * LOW HITPOINT WARNING * * *
The killer bee stings you but does no damage.
The killer bee closely misses you.
The centaur hits you but does no damage.
The wyvern skeleton bites you!
* * * LOW HITPOINT WARNING * * *
Okay, then.
As you read the scroll labeled HUAZOJ NEN PEI, it crumbles to dust.
The scroll dissolves into smoke.
It was a scroll of fog.
The killer bee stings you but does no damage.
The killer bee stings you.
You die...

... . ..# .. #.. .##
...#..# ..#
.......####S.##
......#§#..... #§§§c..#
#@Zy.##### ##
##yy..##..##..#..
#§..§............
##.......#..........
##..##...............
.....................#
...?#.................
....###.........#......
##.# ##........#......


You could see a centaur, 3 killer bees, a ball python and a wyvern skeleton.

Vanquished Creatures
  Prince Ribbit (D:7)
  Grinder (D:5)
  A hornet (D:7)
  Sigmund (D:5)
  Eustachio (D:6)
  A hungry ghost (D:7)
  Menkaure (D:4)
  A sky beast (D:6)
  A black bear (D:8)
  2 phantoms
  A necrophage (D:6)
  4 ogres
  A centaur (D:5)
  2 bullfrogs
  A water moccasin zombie (D:6)
  A scorpion (D:6)
  A killer bee (D:8)
  A howler monkey (D:8)
  A crimson imp (D:6)
  A bullfrog skeleton (D:8)
  A gnoll shaman (D:4)
  2 orc priests
  4 hounds
  A centaur skeleton (D:4)
  2 iguanas
  Ijyb (D:4)
  2 orc wizards
  3 worker ants
  A worker ant zombie (D:6)
  4 gnolls
  10 adders
  A shadow imp (D:7)
  5 oozes
  3 adder skeletons
  2 worms
  2 dart slugs
  11 leopard geckos
  27 orcs
  7 giant cockroaches
  7 goblins
  9 hobgoblins
  11 jackals
  7 kobolds
  3 quokkas
  9 bats
  6 frilled lizards
  A jackal skeleton (D:4)
  9 rats
176 creatures vanquished.

Notes
Turn   | Place    | Note
-------+----------+-------------------------------------------
     0 | D:1      | Kairos the Ghoul Monk began the quest for the Orb.
     0 | D:1      | Reached XP level 1. HP: 19/19 MP: 0/0
   216 | D:1      | Reached XP level 2. HP: 17/26 MP: 1/1
   374 | D:1      | Reached XP level 3. HP: 25/31 MP: 2/2
   832 | D:2      | Reached skill level 4 in Unarmed Combat
  1187 | D:2      | Reached XP level 4. HP: 22/40 MP: 3/3
  1474 | D:2      | Found an iron altar of Okawaru.
  1501 | D:2      | Became a worshipper of Warmaster Okawaru
  1501 | D:2      | Reached * piety under Okawaru
  1501 | D:2      | Reached ** piety under Okawaru
  1599 | D:2      | Reached XP level 5. HP: 46/46 MP: 4/4
  1958 | D:3      | Reached skill level 5 in Unarmed Combat
  2308 | D:3      | Found a glowing drain.
  2672 | D:4      | Reached XP level 6. HP: 47/52 MP: 5/5
  2776 | D:4      | Reached skill level 1 in Armour
  2778 | D:4      | Noticed Menkaure
  2792 | D:4      | HP: 1/52 [Menkaure (8)]
  2796 | D:4      | Killed Menkaure
  2796 | D:4      | Reached skill level 6 in Unarmed Combat
  2796 | D:4      | Reached XP level 7. HP: 1/59 MP: 6/6
  3262 | D:4      | Noticed Ijyb
  3284 | D:4      | Killed Ijyb
  3353 | D:4      | Found a basalt altar of Yredelemnul.
  3445 | D:4      | Reached *** piety under Okawaru
  3574 | D:4      | Reached skill level 7 in Unarmed Combat
  3862 | D:5      | Entered Level 5 of the Dungeon
  3982 | D:5      | Reached XP level 8. HP: 31/67 MP: 4/7
  4025 | D:5      | Noticed Sigmund
  4035 | D:5      | Killed Sigmund
  4035 | D:5      | Reached skill level 8 in Unarmed Combat
  4371 | D:5      | Noticed Grinder
  4396 | D:5      | Paralysed by Grinder for 3 turns
  4413 | D:5      | Killed Grinder
  4413 | D:5      | Reached **** piety under Okawaru
  4883 | D:6      | Found a staircase to the Ecumenical Temple.
  4911 | D:6      | Reached skill level 9 in Unarmed Combat
  5015 | D:6      | Reached skill level 5 in Fighting
  5015 | D:6      | Reached XP level 9. HP: 60/74 MP: 8/8
  5266 | D:6      | Found a radiant altar of Vehumet.
  5602 | D:6      | Reached skill level 10 in Unarmed Combat
  5641 | D:6      | Noticed Eustachio
  5647 | D:6      | Killed Eustachio
  5677 | D:6      | Found a bloodstained altar of Trog.
  5683 | D:6      | Found a blossoming altar of Fedhas.
  5685 | D:6      | Found an ornate altar of the Wu Jian Council.
  5954 | D:7      | Noticed Prince Ribbit
  5983 | D:7      | Killed Prince Ribbit
  6241 | D:7      | Got a bloodstained dagger
  6242 | D:7      | Identified the +7 dagger "Xoecyag" {vamp, SInv Stlth+} (You
                  | found it on level 7 of the Dungeon)
  6288 | D:7      | Reached skill level 5 in Armour
  6632 | D:7      | Learned a level 3 spell: Regeneration
  6754 | D:8      | Noticed a hornet
  6771 | D:7      | Killed a hornet
  6790 | D:8      | Reached skill level 1 in Invocations
  6860 | D:8      | HP: 3/75 [wyvern skeleton (7)]
  6861 | D:8      | Slain by a killer bee

Skill      XL: |  1  2  3  4  5  6  7  8  9 |
---------------+----------------------------+-----
Dodging        | 3 4 |  4.6
Unarmed Combat | 4 5 6 7 9 10 | 10.9
Stealth        | 3 4 |  4.0
Fighting       | 4 5 |  5.9
Armour         | 1 3 4 5 |  5.6
Invocations    | 1 |  1.0
Throwing       | |  0.8
Evocations     | |  0.3

Action                   |  1- 3 |  4- 6 |  7- 9 || total
-------------------------+-------+-------+-------++-------
Melee: Unarmed           |   104 |   214 |   310 ||   628
       Punch             |       |     4 |     4 ||     8
       Dagger            |       |       |    19 ||    19
Throw: Tomahawk          |       |       |     4 ||     4
Invok: Heroism           |       |       |     5 ||     5
Evoke: Wand              |       |     1 |     1 ||     2
  Use: Scroll            |       |     5 |     2 ||     7
 Stab: Sleeping          |     4 |     4 |     1 ||     9
  Eat: Chunk             |     7 |     2 |    37 ||    46
Armor: Robe              |    24 |     6 |       ||    30
       Ring mail         |       |    42 |    16 ||    58
       Chain mail        |       |       |   118 ||   118
Dodge: Dodged            |    82 |   198 |   177 ||   457
Block: Other             |       |       |    17 ||    17
